[Event "Titled Tuesday Blitz November 15 Early 2022"]
[White "Fernandez Hernandez, Gerardo"]
[Black "Minko, Dmitry"]
[WhiteFideId "2207400"]
[BlackFideId "24188468"]
[WhiteElo "2223"]
[BlackElo "2147"]
[Result "0-1"]
[Round "04"]
[TimeControl "180+1"]
[Date "2022.11.16"]
[WhiteClock "0:00:03"]
[BlackClock "0:00:05"]

1. e4 e5 2. Nf3 Nc6 3. Bc4 Nf6 4. Ng5 d5 5. exd5 Nd4 6. c3 b5 7. Bf1 Nxd5 8. cxd4 Qxg5 9. Bxb5+ Kd8 10. Qf3 Bb7 11. O-O Rb8 12. d3 Qg6 13. Qg3 Qxg3 14. fxg3 exd4 15. Rxf7 Nf6 16. Bf4 Rc8 17. Be5 Be7 18. Rxg7 c5 19. Nd2 Nd5 20. Rf1 Bc6 21. Bxc6 Rxc6 22. Rxe7 Nxe7 23. Bxh8 Nd5 24. Ne4 Ne3 25. Rf7 Rb6 26. b3 Ra6 27. Bf6+ Ke8 28. Re7+ Kf8 29. Bg5 Nd5 30. Rxh7 Rxa2 31. h3 Nc3 32. Be7+ Ke8 33. Bxc5 Nxe4 34. dxe4 d3 35. Be3 Re2 36. Bf4 d2 37. Bxd2 Rxd2 38. h4 Rb2 39. Kh2 a5 0-1


[Site "https://www.chess.com"]

[Event "Titled Tuesday Blitz November 15 Early 2022"]
[White "Fernandez Siles, Luis"]
[Black "Skliarov, Viktor"]
[WhiteFideId "2209420"]
[BlackFideId "14106736"]
[WhiteElo "2186"]
[BlackElo "2284"]
[Result "1-0"]
[Round "04"]
[TimeControl "180+1"]
[Date "2022.11.16"]
[WhiteClock "0:00:15"]
[BlackClock "0:00:07"]

1. d4 Nf6 2. c4 e6 3. Nc3 Bb4 4. e3 b6 5. Ne2 Ne4 6. Qc2 Bb7 7. a3 Bxc3+ 8. Nxc3 Nxc3 9. Qxc3 d6 10. Bd3 Qg5 11. Bd2 Qxg2 12. O-O-O Qxf2 13. d5 e5 14. c5 bxc5 15. Bb5+ Nd7 16. Rdf1 Qh4 17. Bxd7+ Kxd7 18. Rxf7+ Kc8 19. Qa5 Qd8 20. Rhf1 Bxd5 21. Rxg7 a6 22. e4 Kb7 23. exd5 Rc8 24. Bg5 Qe8 25. Rff7 Qb5 26. Rxc7+ Kb8 27. Qxb5+ axb5 28. Rb7+ Ka8 29. Ra7+ 1-0


[Site "https://www.chess.com"]

[Event "Titled Tuesday Blitz November 15 Early 2022"]
[White "Fieberg, Samuel"]
[Black "Szente Varga, Fruzsina"]
[WhiteFideId "12901717"]
[BlackFideId "712264"]
[WhiteElo "2506"]
[BlackElo "1994"]
[Result "1-0"]
[Round "04"]
[TimeControl "180+1"]
[Date "2022.11.16"]
[WhiteClock "0:00:21"]
[BlackClock "0:00:08"]

1. d4 Nf6 2. Nf3 g6 3. g3 Bg7 4. Bg2 d5 5. O-O O-O 6. c3 c6 7. Bf4 Ne4 8. Qc1 f5 9. h4 Re8 10. Rd1 Nd7 11. c4 Ndf6 12. b3 Ng4 13. Rf1 e5 14. dxe5 Nxe5 15. Nxe5 Rxe5 16. Bxe5 Bxe5 17. cxd5 Bxa1 18. dxc6 bxc6 19. Qxc6 Bd7 20. Qd5+ Kf8 21. Bxe4 fxe4 22. Rd1 Ke8 23. Qg8+ Ke7 24. Qxh7+ Ke6 25. Qxg6+ Bf6 26. Qxe4+ Kf7 27. Rxd7+ Qxd7 28. Qxa8 Qd1+ 29. Kg2 Qxb1 30. Qxa7+ Kg6 31. Qa4 Qc2 32. Kf3 Qc3+ 33. e3 Qd2 34. Qg4+ Kf7 35. Qc4+ Kg6 36. a4 Qd1+ 37. Kg2 Qe1 38. b4 Bc3 39. b5 Ba5 40. b6 Qb1 41. Qc6+ Kf5 42. g4+ Kxg4 43. Qf6 1-0


[Site "https://www.chess.com"]

[Event "Titled Tuesday Blitz November 15 Early 2022"]
[White "Fiol, Fabrice"]
[Black "Rakhmatullaev, Almas"]
[WhiteFideId "611670"]
[BlackFideId "14205793"]
[WhiteElo "2412"]
[BlackElo "2221"]
[Result "0-1"]
[Round "04"]
[TimeControl "180+1"]
[Date "2022.11.16"]
[WhiteClock "0:00:18"]
[BlackClock "0:00:08"]

1. e4 e5 2. Nf3 Nc6 3. Bc4 Nf6 4. d3 Bc5 5. c3 d6 6. Nbd2 O-O 7. h3 a6 8. Bb3 Be6 9. Nf1 d5 10. Qe2 Re8 11. Ng3 h6 12. Nh2 b5 13. Ng4 Be7 14. Qf3 dxe4 15. dxe4 Nh7 16. Nf5 Bg5 17. h4 Bxc1 18. Rxc1 Bxf5 19. Qxf5 Rf8 20. Bd5 Ne7 21. Qf3 Nxd5 22. exd5 e4 23. Qg3 Qxd5 24. O-O Qe6 25. Ne3 c5 26. f3 Rae8 27. fxe4 Qxe4 28. Nf5 g6 29. Nxh6+ Kg7 30. Ng4 f5 31. Nf2 Qe3 32. Qc7+ Re7 33. Qb6 Rf6 34. Qd8 Rf8 35. Qd6 Rf6 36. Qd8 Rfe6 37. Rcd1 Nf6 38. Rd3 Qe2 39. Rd2 Qxf1+ 40. Kh2 Re1 41. h5 Qg1+ 42. Kg3 Nxh5+ 43. Kh4 Qh2+ 44. Nh3 Qg3# 0-1


[Site "https://www.chess.com"]

[Event "Titled Tuesday Blitz November 15 Early 2022"]
[White "Flis, Pawel"]
[Black "Gjestemoen-VonHirsch, Andre"]
[WhiteFideId "1112864"]
[BlackFideId "1539531"]
[WhiteElo "1817"]
[BlackElo "2198"]
[Result "0-1"]
[Round "04"]
[TimeControl "180+1"]
[Date "2022.11.16"]
[WhiteClock "0:00:01"]
[BlackClock "0:00:07"]

1. e4 g6 2. d4 Bg7 3. c4 c5 4. Nf3 Nc6 5. Be3 Qb6 6. Nc3 cxd4 7. Nd5 Qa5+ 8. b4 Qd8 9. Nxd4 Nf6 10. Nxc6 bxc6 11. Nxf6+ Bxf6 12. Bd4 Bxd4 13. Qxd4 O-O 14. Be2 Qc7 15. O-O c5 16. bxc5 Ba6 17. Rfd1 Rfd8 18. Qe3 Rac8 19. h4 Qxc5 20. Qh6 Rc6 21. Rd5 Qb4 22. Rad1 d6 23. h5 Bxc4 24. hxg6 hxg6 25. Rg5 Bxe2 26. Rxg6+ fxg6 27. Qxg6+ Kf8 28. Rd5 Rc5 29. Rf5+ Rxf5 30. Qxf5+ Ke8 31. Qg6+ Kd7 32. Qf5+ Kc7 33. Qe6 Bb5 34. Qxe7+ Rd7 35. Qe8 Qe1+ 36. Kh2 Rh7+ 0-1


[Site "https://www.chess.com"]

[Event "Titled Tuesday Blitz November 15 Early 2022"]
[White "Forgacs, Attila Jr."]
[Black "Marcolino, Daniel Mattos"]
[WhiteFideId "773654"]
[BlackFideId "2106841"]
[WhiteElo "2168"]
[BlackElo "2128"]
[Result "1-0"]
[Round "04"]
[TimeControl "180+1"]
[Date "2022.11.16"]
[WhiteClock "0:00:40"]
[BlackClock "0:01:12"]

1. e4 c6 2. d4 d5 3. Nc3 dxe4 4. Nxe4 Nd7 5. Ng5 Ngf6 6. Bd3 e6 7. Qe2 Bd6 8. N1f3 h6 9. Ne4 Nxe4 10. Qxe4 Qc7 11. O-O b6 12. Qg4 g5 13. Re1 Bb7 14. c4 O-O-O 15. a4 f5 16. Qh5 Nf6 17. Qg6 Rdf8 18. Rxe6 g4 19. Bxf5 Kb8 20. Rxf6 gxf3 21. g3 Rfg8 22. Qf7 Bxg3 23. hxg3 Rxg3+ 24. Kf1 Qxf7 25. Rxf7 Rh3 26. Bxh3 1-0


[Site "https://www.chess.com"]

[Event "Titled Tuesday Blitz November 15 Early 2022"]
[White "Gabrielian, Artur"]
[Black "Shimanov, Aleksandr"]
[WhiteFideId "4131002"]
[BlackFideId "4198603"]
[WhiteElo "2432"]
[BlackElo "2605"]
[Result "1-0"]
[Round "04"]
[TimeControl "180+1"]
[Date "2022.11.15"]
[WhiteClock "0:01:28"]
[BlackClock "0:00:06"]

1. e4 c6 2. d4 d5 3. e5 Bf5 4. h4 h5 5. Bd3 Bxd3 6. Qxd3 Qa5+ 7. Nd2 e6 8. Nf3 Ne7 9. O-O Nf5 10. a4 Be7 11. Nb3 Qa6 12. Qd1 Nd7 13. g3 c5 14. Bg5 c4 15. Bxe7 Nxe7 16. Nc1 b5 17. Ne2 b4 18. Nf4 g6 19. Ng5 Qc6 20. b3 a5 21. Rc1 Nf5 22. c3 Nb6 23. Re1 Rc8 24. cxb4 axb4 25. a5 Na8 26. bxc4 dxc4 27. d5 exd5 28. e6 O-O 29. exf7+ Rxf7 30. Nxf7 Kxf7 31. Re6 Qxe6 32. Nxe6 Kxe6 33. Qe1+ Kd7 34. Qxb4 Nc7 35. Qa4+ Kd6 36. a6 Nd4 37. Rb1 Ra8 38. Rb6+ Kc5 39. Qb4# 1-0


[Site "https://www.chess.com"]

[Event "Titled Tuesday Blitz November 15 Early 2022"]
[White "Gedgafov, Chamal"]
[Black "Goh, Zi Han"]
[WhiteFideId "34130621"]
[BlackFideId "5819156"]
[WhiteElo "2067"]
[BlackElo "2026"]
[Result "1-0"]
[Round "04"]
[TimeControl "180+1"]
[Date "2022.11.16"]
[WhiteClock "0:01:39"]
[BlackClock "0:00:09"]

1. d4 Nf6 2. Nf3 g6 3. Bf4 Bg7 4. e3 d6 5. h3 O-O 6. Be2 Nbd7 7. c3 c6 8. O-O a5 9. a4 Qb6 10. Qc2 Re8 11. Nbd2 e5 12. Nc4 Qc7 13. dxe5 dxe5 14. Bh2 Nd5 15. Rfd1 N7b6 16. Nfd2 Nxc4 17. Nxc4 Be6 18. Rd2 Rab8 19. Na3 f5 20. Rad1 Qf7 21. Bc4 Rbd8 22. Qb3 e4 23. Bxd5 Rxd5 24. Rxd5 Bxd5 25. Qb6 g5 26. Nc2 f4 27. Nd4 f3 28. g4 h5 29. Nf5 hxg4 30. hxg4 Qd7 31. c4 Qf7 32. cxd5 cxd5 33. Nd6 Qd7 34. Nxe8 Qxg4+ 35. Kf1 Qg2+ 36. Ke1 Qxh2 37. Qe6+ Kh8 38. Nxg7 Qg1+ 39. Kd2 Qxf2+ 40. Kc1 Qxe3+ 41. Kb1 Kxg7 42. Qxd5 f2 43. Qe5+ Kg6 44. Qe6+ Kh5 45. Rh1+ 1-0


[Site "https://www.chess.com"]

[Event "Titled Tuesday Blitz November 15 Early 2022"]
[White "Georg, Heinz"]
[Black "Jeet, Jain"]
[WhiteFideId "4607295"]
[BlackFideId "5073022"]
[WhiteElo "2310"]
[BlackElo "2067"]
[Result "1-0"]
[Round "04"]
[TimeControl "180+1"]
[Date "2022.11.16"]
[WhiteClock "0:01:30"]
[BlackClock "0:00:10"]

1. e4 c6 2. d4 d5 3. exd5 cxd5 4. c4 Nf6 5. Nc3 g6 6. cxd5 Bg7 7. Bc4 O-O 8. Nge2 Nbd7 9. Nf4 Nb6 10. Bb3 Bg4 11. f3 Bf5 12. g4 Bd7 13. O-O a5 14. a4 Rc8 15. Qd3 Qc7 16. Nfe2 Qd6 17. Bf4 e5 18. dxe6 Qb4 19. exd7 Nfxd7 20. Nb5 Nf6 21. Bd6 1-0


[Site "https://www.chess.com"]

[Event "Titled Tuesday Blitz November 15 Early 2022"]
[White "Gheorghiu, Calin"]
[Black "Kiseljova, Marya"]
[WhiteFideId "1200305"]
[BlackFideId "4155009"]
[WhiteElo "2225"]
[BlackElo "1907"]
[Result "1-0"]
[Round "04"]
[TimeControl "180+1"]
[Date "2022.11.16"]
[WhiteClock "0:00:21"]
[BlackClock "0:00:38"]

1. d4 d5 2. Nf3 Nf6 3. Bf4 e6 4. e3 c5 5. Nbd2 Nc6 6. c3 Nh5 7. Be5 f6 8. Bg3 Nxg3 9. hxg3 Qb6 10. Rb1 e5 11. dxe5 fxe5 12. Ng5 Bf5 13. e4 Bg6 14. exd5 Bxb1 15. Qxb1 Ne7 16. Nc4 Qg6 17. Qxg6+ Nxg6 18. Bd3 Ne7 19. Nd6+ Kd7 20. Ndf7 h6 21. Nf3 Rg8 22. N3xe5+ Kc7 23. d6+ Kb6 24. Bh7 Nd5 25. Bxg8 Bxd6 26. Nxd6 Rxg8 27. O-O Re8 28. Nxe8 1-0


[Site "https://www.chess.com"]

[Event "Titled Tuesday Blitz November 15 Early 2022"]
[White "Gholami Orimi, Mahdi"]
[Black "Cruz, Jonathan"]
[WhiteFideId "12558486"]
[BlackFideId "3802124"]
[WhiteElo "2330"]
[BlackElo "2406"]
[Result "0-1"]
[Round "04"]
[TimeControl "180+1"]
[Date "2022.11.15"]
[WhiteClock "0:00:08"]
[BlackClock "0:00:08"]

1. d4 d5 2. Nf3 Nf6 3. Bf4 e6 4. e3 Bd6 5. Nbd2 c5 6. Bg3 Nc6 7. c3 O-O 8. Ne5 Bxe5 9. dxe5 Nd7 10. f4 c4 11. e4 Nc5 12. Qc2 b5 13. Bf2 Nxe4 14. Nxe4 dxe4 15. Qxe4 Bb7 16. Rd1 Qa5 17. a3 Rad8 18. Be2 Qc7 19. Qe3 Rxd1+ 20. Bxd1 a6 21. O-O Rd8 22. Bc2 Ne7 23. Qg3 Rd2 24. Rc1 Qd7 25. Qg4 Nf5 26. Bxf5 exf5 27. Qg3 Rxb2 28. h3 h6 29. Kh2 Qd5 30. Rg1 Rd2 31. Bd4 Qf3 32. h4 Qxg3+ 33. Kxg3 Be4 34. h5 Kh7 35. Kh3 Rd3+ 36. Kh4 a5 37. g4 b4 38. axb4 axb4 39. g5 hxg5+ 40. fxg5 bxc3 41. g6+ fxg6 42. hxg6+ Kg8 43. Rb1 Kf8 44. Bc5+ Ke8 45. e6 Rh3+ 46. Kxh3 Bxb1 47. Kg3 Be4 48. Kf4 c2 49. Ba3 c3 50. Ke5 Bd3 51. Bc1 f4 52. Bxf4 Bxg6 53. Bc1 Bd3 54. Bg5 Bh7 55. Bc1 Bg6 56. Bg5 Kf8 57. Kd4 Bf5 58. Ke5 g6 59. Kf6 Ke8 60. Bc1 Bd3 61. Bh6 Bf5 62. Bc1 Bd3 63. Bg5 Be4 64. Bc1 Bf5 65. Bg5 Bg4 66. Ke5 Bh3 67. Kf6 Kf8 68. Ke5 Ke8 69. Kd6 Bf5 70. Ke5 Bd3 71. Kd6 Bf5 72. Bc1 Bg4 73. Bg5 Bh3 74. Bc1 Bg2 75. Be3 Bf1 76. Bc1 Bc4 77. Bg5 Bb3 78. Ke5 Ba4 79. Kf6 Bb3 80. Bc1 Bd5 81. Bg5 Bc4 82. Bc1 Kd8 83. Kf7 Kc7 84. Kf6 Kd6 85. e7 Bb5 86. Ba3+ Kd5 87. Kxg6 Kc4 88. Kf5 Kb3 89. Bc1 Ka2 90. Ke4 Kb1 91. Be3 c1=Q 92. Bxc1 Kxc1 93. Kd4 Kb2 94. Kc5 Be8 0-1


[Site "https://www.chess.com"]

[Event "Titled Tuesday Blitz November 15 Early 2022"]
[White "Ghosh, Chanchal Kumer"]
[Black "Devaev, Alexander"]
[WhiteFideId "10201858"]
[BlackFideId "4169395"]
[WhiteElo "2058"]
[BlackElo "2225"]
[Result "0-1"]
[Round "04"]
[TimeControl "180+1"]
[Date "2022.11.16"]
[WhiteClock "0:00:16"]
[BlackClock "0:00:22"]

1. e4 c6 2. Nf3 d5 3. Nc3 dxe4 4. Nxe4 Nf6 5. Ng3 c5 6. Bc4 Nc6 7. O-O e6 8. b3 Be7 9. Bb2 O-O 10. Re1 a6 11. a4 b6 12. d4 Bb7 13. dxc5 Bxc5 14. Qe2 Qe7 15. Rad1 Bb4 16. Rf1 h6 17. h3 Bd6 18. Bxf6 gxf6 19. Ne4 Bf4 20. Rd7 Qb4 21. Rxb7 Kg7 22. g3 Rab8 23. Rd7 Ne5 24. Nxe5 Bxe5 25. Bxe6 Rbd8 26. Qg4+ Kh8 27. Bxf7 Rxd7 28. Qxd7 f5 29. Qxf5 Qe7 30. Re1 Rxf7 0-1


[Site "https://www.chess.com"]

[Event "Titled Tuesday Blitz November 15 Early 2022"]
[White "Ginzburg, Yakov"]
[Black "Tsaruk, Maksim"]
[WhiteFideId "4157176"]
[BlackFideId "13511173"]
[WhiteElo "2305"]
[BlackElo "2300"]
[Result "1-0"]
[Round "04"]
[TimeControl "180+1"]
[Date "2022.11.16"]
[WhiteClock "0:02:35"]
[BlackClock "0:01:37"]

1. e4 c6 2. d4 d5 3. Nc3 dxe4 4. Nxe4 Nf6 5. Nxf6+ exf6 6. Bc4 Bd6 7. Ne2 O-O 8. O-O Qc7 9. Ng3 Nd7 10. Qh5 g6 11. Qh6 b5 12. Nh5 gxh5 13. Bd3 1-0


[Site "https://www.chess.com"]

[Event "Titled Tuesday Blitz November 15 Early 2022"]
[White "Gonzalez, Francisco Silva"]
[Black "Gerbelli Neto, Eduardo"]
[WhiteFideId "1512285"]
[BlackFideId "2103281"]
[WhiteElo "2159"]
[BlackElo "2178"]
[Result "1-0"]
[Round "04"]
[TimeControl "180+1"]
[Date "2022.11.16"]
[WhiteClock "0:00:26"]
[BlackClock "0:00:21"]

1. d4 d5 2. c4 c6 3. Nc3 dxc4 4. e3 b5 5. a4 b4 6. Na2 e5 7. Bxc4 exd4 8. exd4 Nf6 9. Nf3 Be7 10. O-O O-O 11. Ne5 Bb7 12. Qb3 Nd5 13. Be3 a5 14. Rad1 Nd7 15. Bxd5 cxd5 16. Nc1 Bd6 17. f4 Nf6 18. Ncd3 Ne4 19. Nc5 Qe7 20. Nxe4 dxe4 21. Rc1 Rac8 22. Rfe1 Rxc1 23. Rxc1 Rc8 24. Rxc8+ Bxc8 25. Qc4 Qc7 26. Qb5 g6 27. Qe8+ Kg7 28. f5 Bxe5 29. dxe5 Bxf5 30. Bg5 Qd7 31. Bf6+ Kh6 32. Qf8+ Kh5 33. h3 Qd4+ 34. Kh2 Qf2 35. Qd6 e3 36. Qd4 g5 37. Kh1 Qf1+ 38. Kh2 e2 39. g4+ Kg6 40. gxf5+ Qxf5 41. Qe3 Qf4+ 42. Qxf4 gxf4 43. Bh4 Kf5 44. Be1 Kxe5 45. Kg2 Ke4 46. Kf2 f3 47. h4 f5 48. h5 f4 49. h6 Kd3 50. Kxf3 Kc2 51. Kxf4 Kxb2 52. Ke3 Kb3 53. Kxe2 Kxa4 54. Kd3 Kb3 55. Kd2 a4 56. Kc1 a3 57. Kb1 a2+ 58. Ka1 Ka3 59. Bd2 b3 60. Bc3 Ka4 61. Bb2 Kb4 62. Bf6 Kc4 63. Kb2 Kd3 64. Kxb3 Ke4 65. Ba1 Kf5 66. Kxa2 Kg6 67. Bg7 Kf7 68. Kb3 Kg6 69. Kc4 Kf7 70. Kd5 Ke7 71. Ke4 Kf7 72. Kf5 Kg8 73. Be5 Kf7 74. Kg5 Ke6 75. Bd4 Kf7 76. Bc3 Ke6 77. Kf4 Kf7 78. Kf5 Ke7 79. Bb2 Kf7 80. Ba1 Ke7 81. Bg7 Kf7 82. Ke5 Kg6 83. Ke6 Kg5 84. Kf7 Kh5 85. Kg8 Kg6 86. Kh8 Kf7 87. Kxh7 Ke8 88. Kg8 Ke7 89. h7 1-0


[Site "https://www.chess.com"]

[Event "Titled Tuesday Blitz November 15 Early 2022"]
[White "Goroshkov, Maksym"]
[Black "Melaugh, Shane"]
[WhiteFideId "14142716"]
[BlackFideId "2509580"]
[WhiteElo "2257"]
[BlackElo "2025"]
[Result "0-1"]
[Round "04"]
[TimeControl "180+1"]
[Date "2022.11.16"]
[WhiteClock "0:00:53"]
[BlackClock "0:00:13"]

1. e4 c5 2. b4 e5 3. bxc5 Bxc5 4. Nc3 Nf6 5. Nf3 Ng4 6. d4 exd4 7. Nxd4 Nxf2 8. Kxf2 Qf6+ 9. Ke3 Nc6 10. Nb5 O-O 11. c3 d5 12. Nc7 Qg5+ 13. Kd3 dxe4+ 14. Kc2 e3 15. Nxa8 Bxd4 16. Bd3 Bxc3 17. Kxc3 Qe5+ 18. Kc2 Qxa1 19. Bb2 Qxa2 20. Qa1 Qd5 21. Bc3 Be6 22. Nc7 Qxg2+ 23. Kc1 Qxh1+ 24. Kb2 Qxa1+ 25. Kxa1 Bg4 26. Nd5 Rd8 27. Nf4 g5 28. Bf6 gxf4 29. Bxd8 f3 30. Kb2 f2 31. Bh4 Ne5 32. Bf1 Nf3 33. Bg3 Nd2 34. Bg2 f1=Q 35. Bxf1 Nxf1 36. Kc3 Nxg3 37. hxg3 e2 38. Kd2 h5 39. Ke1 Kg7 40. Kf2 Kf6 41. Ke1 b5 42. Kf2 a5 43. Ke1 Ke5 44. Kd2 b4 45. Ke3 a4 46. Kd2 Kd4 47. Ke1 Be6 48. Kf2 Kd3 49. Ke1 b3 50. g4 hxg4 51. Kf2 Kd2 52. Kg3 e1=Q+ 53. Kf4 Qe3# 0-1


[Site "https://www.chess.com"]

[Event "Titled Tuesday Blitz November 15 Early 2022"]
[White "Grandelius, Nils"]
[Black "Firouzja, Alireza"]
[WhiteFideId "1710400"]
[BlackFideId "12573981"]
[WhiteElo "2617"]
[BlackElo "2903"]
[Result "1/2-1/2"]
[Round "04"]
[TimeControl "180+1"]
[Date "2022.11.15"]
[WhiteClock "0:00:06"]
[BlackClock "0:01:27"]

1. Nf3 Nf6 2. g3 g6 3. Bg2 Bg7 4. d4 O-O 5. O-O d6 6. Re1 Nbd7 7. e4 e5 8. Nc3 a6 9. a4 b6 10. dxe5 dxe5 11. b3 Bb7 12. Ba3 Re8 13. Qe2 Bf8 14. Bxf8 Kxf8 15. Rad1 Qe7 16. Qe3 Kg7 17. Nd5 Bxd5 18. exd5 Rad8 19. Qc3 Qd6 20. Nd2 Qc5 21. Qxc5 Nxc5 22. Nc4 e4 23. d6 b5 24. axb5 axb5 25. dxc7 Rxd1 26. Rxd1 Rc8 27. Nd6 Rxc7 28. Nxb5 Rb7 29. Nd6 Rb6 30. Nc4 Rb8 31. Nd6 h5 32. Re1 Rb4 33. Bf1 Rd4 34. Nc4 Ne6 35. h4 g5 36. Ne3 Rd2 37. hxg5 Nxg5 38. Rd1 Nf3+ 39. Kg2 Rxd1 40. Nxd1 Ne1+ 41. Kg1 Nxc2 42. Nc3 Kg6 43. Nxe4 Nxe4 44. Bd3 Nd4 45. Bxe4+ f5 46. Bd5 f4 47. Kg2 fxg3 48. fxg3 Kg5 49. b4 h4 50. gxh4+ Kxh4 51. Kf2 Kg5 52. Ke3 Nc2+ 53. Ke4 Nxb4 1/2-1/2


[Site "https://www.chess.com"]

[Event "Titled Tuesday Blitz November 15 Early 2022"]
[White "Grapsa, Georgia"]
[Black "Dias, Joao Batista"]
[WhiteFideId "4206436"]
[BlackFideId "2108240"]
[WhiteElo "1877"]
[BlackElo "1898"]
[Result "1-0"]
[Round "04"]
[TimeControl "180+1"]
[Date "2022.11.16"]
[WhiteClock "0:01:22"]
[BlackClock "0:01:10"]

1. e4 e5 2. Nf3 Nc6 3. Bb5 d6 4. d4 exd4 5. Nxd4 Bd7 6. Bxc6 bxc6 7. Nc3 c5 8. Nde2 Nf6 9. Be3 Be7 10. f3 O-O 11. Qd2 Re8 12. O-O-O a5 13. Nd5 Nxd5 14. Qxd5 Be6 15. Qd2 Qb8 16. Kb1 a4 17. Nf4 a3 18. b3 c4 19. Nxe6 cxb3 20. cxb3 fxe6 21. Qc3 Bf6 22. Bd4 e5 23. Be3 Kh8 24. Rc1 Rc8 25. Qc6 Qb4 26. Rc4 Qa5 27. Rhc1 h6 28. Qd7 Qb5 29. Qxb5 1-0


[Site "https://www.chess.com"]

[Event "Titled Tuesday Blitz November 15 Early 2022"]
[White "Grigorov, Grigor"]
[Black "Aumann, Welf"]
[WhiteFideId "2907313"]
[BlackFideId "4634071"]
[WhiteElo "2510"]
[BlackElo "2262"]
[Result "1-0"]
[Round "04"]
[TimeControl "180+1"]
[Date "2022.11.16"]
[WhiteClock "0:02:07"]
[BlackClock "0:00:25"]

1. d4 d5 2. Nf3 Nf6 3. c3 Bf5 4. Bf4 e6 5. Qb3 Qc8 6. e3 h6 7. c4 c6 8. Nc3 Nbd7 9. Rc1 Be7 10. h3 O-O 11. Be2 Ne4 12. cxd5 Nxc3 13. bxc3 exd5 14. c4 dxc4 15. Bxc4 Nb6 16. Be2 Qe6 17. O-O Qxb3 18. axb3 a5 19. Nd2 Nd5 20. Bg3 Nb4 21. Nc4 Be6 22. Ra1 Bd8 23. Bd6 Bxc4 24. Bxc4 1-0


[Site "https://www.chess.com"]

[Event "Titled Tuesday Blitz November 15 Early 2022"]
[White "Gubajdullin, Alexei"]
[Black "Li, Hui"]
[WhiteFideId "4141202"]
[BlackFideId "15400310"]
[WhiteElo "2230"]
[BlackElo "1954"]
[Result "1-0"]
[Round "04"]
[TimeControl "180+1"]
[Date "2022.11.16"]
[WhiteClock "0:00:48"]
[BlackClock "0:00:01"]

1. d4 Nf6 2. Nf3 d5 3. Bf4 c5 4. e3 Nc6 5. Nbd2 cxd4 6. exd4 Qb6 7. Nb3 Bg4 8. c3 e6 9. h3 Bh5 10. Be2 Be7 11. a4 a6 12. a5 Qd8 13. O-O O-O 14. Ne1 Bxe2 15. Qxe2 Ne4 16. Nd3 Rc8 17. f3 Nd6 18. Bxd6 Bxd6 19. f4 Qe7 20. Nbc5 Nxa5 21. f5 Nc6 22. fxe6 fxe6 23. Qxe6+ Qxe6 24. Nxe6 Rfe8 25. Nec5 Rc7 26. Rfe1 Rce7 27. Nxb7 Rxe1+ 28. Rxe1 Rxe1+ 29. Nxe1 Bf4 30. Nd3 Be3+ 31. Kf1 Kf7 32. Ke2 Bg5 33. b4 Ke7 34. Nbc5 a5 35. b5 Nb8 36. Na4 Kd6 37. Ndc5 Bf6 38. Kd3 Bg5 39. c4 dxc4+ 40. Kxc4 Be3 41. b6 Kc6 42. d5+ Kd6 43. Ne4+ 1-0


[Site "https://www.chess.com"]

[Event "Titled Tuesday Blitz November 15 Early 2022"]
[White "Guimaraes, Wagner Peixoto"]
[Black "Deev, Andrei"]
[WhiteFideId "2100940"]
[BlackFideId "4102690"]
[WhiteElo "2231"]
[BlackElo "2278"]
[Result "0-1"]
[Round "04"]
[TimeControl "180+1"]
[Date "2022.11.16"]
[WhiteClock "0:00:01"]
[BlackClock "0:00:08"]

1. d4 d6 2. Nf3 Bg4 3. g3 Bxf3 4. exf3 d5 5. Bg2 e6 6. O-O g6 7. f4 Bg7 8. c3 Ne7 9. Re1 O-O 10. Qb3 b6 11. Nd2 c5 12. dxc5 bxc5 13. Qa3 Qb6 14. Nb3 Nd7 15. c4 Rfe8 16. Be3 Rac8 17. cxd5 exd5 18. Qa4 Qc6 19. Qxc6 Rxc6 20. Rad1 c4 21. Nd4 Ra6 22. Nb5 Rxa2 23. Bxa7 Bf6 24. Bxd5 Nf8 25. Bxc4 Rxb2 26. Nd6 Ra8 27. Bxf7+ Kg7 28. Be3 Nc8 29. Nxc8 Kxf7 0-1


[Site "https://www.chess.com"]

[Event "Titled Tuesday Blitz November 15 Early 2022"]
[White "Gurel, Ediz"]
[Black "Adel, Sara"]
[WhiteFideId "44507356"]
[BlackFideId "10616764"]
[WhiteElo "2345"]
[BlackElo "1994"]
[Result "1-0"]
[Round "04"]
[TimeControl "180+1"]
[Date "2022.11.16"]
[WhiteClock "0:02:40"]
[BlackClock "0:02:43"]

1. d4 Nf6 2. c4 g6 3. Nf3 Bg7 4. Bf4 d6 5. Nc3 Nbd7 6. h4 c5 7. d5 h5 8. Qd2 a6 9. e4 Rb8 10. a4 Qa5 11. Bd3 b5 12. cxb5 axb5 13. Nxb5 c4 14. Qxa5 cxd3 15. Nc7+ Kf8 16. Ne6+ fxe6 17. Qd8+ Kf7 18. Ng5# 1-0


[Site "https://www.chess.com"]

[Event "Titled Tuesday Blitz November 15 Early 2022"]
[White "Gurvich, Vitaly"]
[Black "Begunov, Konstantin"]
[WhiteFideId "24164852"]
[BlackFideId "4118510"]
[WhiteElo "2342"]
[BlackElo "2140"]
[Result "1-0"]
[Round "04"]
[TimeControl "180+1"]
[Date "2022.11.16"]
[WhiteClock "0:02:00"]
[BlackClock "0:00:06"]

1. e4 c5 2. d4 cxd4 3. c3 Nf6 4. e5 Nd5 5. Nf3 Nc6 6. Bc4 Nb6 7. Bb3 d5 8. exd6 e6 9. cxd4 Bxd6 10. O-O O-O 11. Nc3 Nb4 12. a3 N4d5 13. Ne4 Be7 14. Bc2 Bd7 15. Qd3 g6 16. Bh6 Re8 17. Nfg5 Nf6 18. Nxf7 Kxf7 19. Ng5+ Kg8 20. Nxh7 Kh8 21. Ng5 Qc7 22. Qxg6 Rg8 23. Nf7# 1-0


[Site "https://www.chess.com"]

[Event "Titled Tuesday Blitz November 15 Early 2022"]
[White "Gutkin, Ilya"]
[Black "Lohani, Sujana"]
[WhiteFideId "16203470"]
[BlackFideId "12311987"]
[WhiteElo "2265"]
[BlackElo "1691"]
[Result "1-0"]
[Round "04"]
[TimeControl "180+1"]
[Date "2022.11.16"]
[WhiteClock "0:00:31"]
[BlackClock "0:00:01"]

1. Nf3 g6 2. e4 Bg7 3. d4 d6 4. c3 Nf6 5. Bd3 O-O 6. Kf1 c5 7. dxc5 dxc5 8. Qe2 Nc6 9. Be3 b6 10. Nbd2 Ng4 11. Bf4 e5 12. Bg5 Qc7 13. h3 Nf6 14. Nc4 Nd7 15. Ne3 Bb7 16. Nd5 Qb8 17. Bb5 f6 18. Be3 Kh8 19. Rd1 a6 20. Bd3 b5 21. h4 c4 22. Bc2 Qc8 23. h5 Nd8 24. h6 g5 25. hxg7+ Kxg7 26. Ne7 Qc7 27. Nf5+ Kg8 28. Nh2 1-0


[Site "https://www.chess.com"]

[Event "Titled Tuesday Blitz November 15 Early 2022"]
[White "Hadzovic, Amir"]
[Black "Fabris, Alberto"]
[WhiteFideId "14402300"]
[BlackFideId "801348"]
[WhiteElo "2262"]
[BlackElo "2045"]
[Result "1-0"]
[Round "04"]
[TimeControl "180+1"]
[Date "2022.11.16"]
[WhiteClock "0:00:09"]
[BlackClock "0:00:16"]

1. e4 c6 2. Nf3 d5 3. d3 dxe4 4. dxe4 Qxd1+ 5. Kxd1 g6 6. Nfd2 Bg7 7. f3 Nf6 8. c3 O-O 9. Kc2 b6 10. a4 Bb7 11. a5 Rd8 12. Na3 b5 13. Nb3 Nbd7 14. Be3 a6 15. Be2 Rac8 16. Rhd1 Bf8 17. Bc5 e6 18. Bxf8 Kxf8 19. Rd2 c5 20. Rad1 Ke7 21. Kb1 Nh5 22. g3 f5 23. exf5 gxf5 24. Nc2 f4 25. g4 Nhf6 26. h4 Nd5 27. c4 bxc4 28. Bxc4 Ne5 29. Na3 Nxf3 30. Rf2 Ne5 31. Re1 Kd6 32. Bf1 Nxg4 33. Nc4+ Ke7 34. Rg2 h5 35. Be2 Rg8 36. Bf3 Bc6 37. Rge2 Rg6 38. Nxc5 Nde3 39. Nb6 Bxf3 40. Nxc8+ Kd8 41. Rd2+ Kxc8 42. Rc1 e5 43. Ne6+ Kb7 44. Rc7+ Kb8 45. Rd8# 1-0


[Site "https://www.chess.com"]